 Dungeon Crawl Stone Soup version 0.25.0-10-g039870ee82 (webtiles) character file.

Game seed: 13089777994620037823

150014 shadizar the Unseen (level 17, -9/125 HPs)
             Began as an Octopode Fighter on June 23, 2020.
             Was the Champion of Okawaru.
             Shot with a bolt by Vashnia (37 damage)
             ... on level 2 of the Snake Pit.
             The game lasted 01:15:54 (31957 turns).

shadizar the Unseen (Octopode Fighter)             Turns: 31957, Time: 01:15:54

Health: -9/125     AC:  1    Str: 26    XL:     17   Next: 52%
Magic:  24/24      EV: 38    Int: 10    God:    Okawaru [******]
Gold:   2567       SH: 19    Dex: 29    Spells: 16/16 levels left

rFire    + . .     SeeInvis .   J - +11 demon blade of the Foremost Artisans {vamp, Stlth+}
rCold    + . .     Gourm    .   Q - +2 kite shield of Slovenliness {rN+ Regen+ Str+2 Dex+4}
rNeg     + . .     Faith    .   O - +0 hat of shadizar's Defiance {rF++ rC- Stlth+}
rPois    +         Spirit   .   b - amulet of the acrobat
rElec    .         Reflect  .   z - ring of flight
rCorr    .         Harm     .   q - +4 ring of evasion
MR       +....                  E - +6 ring of strength
Stlth    ++++++++++             F - ring of poison resistance
HPRegen  0.70/turn              G - ring of protection from cold
MPRegen  0.19/turn              V - +6 ring of dexterity
                                k - ring of Suspected Treachery {Wiz Str+3}
                                a - ring of ice

@: heroism, studying Fighting
A: almost no armour, stealthy swim, amphibious, 8 rings, constrict 8, camouflage
1, gelatinous body 1
a: Heroism, Finesse, Renounce Religion, Evoke Flight


You were on level 2 of the Snake Pit.
You worshipped Okawaru.
Okawaru was exalted by your worship.
You were not hungry.

You visited 5 branches of the dungeon, and saw 26 of its levels.
You also visited: Bailey and Volcano.

You collected 3123 gold pieces.
You spent 556 gold pieces at shops.

Inventory:

Hand Weapons
 s - a +9 falchion of flaming
 J - the +11 demon blade of the Foremost Artisans (weapon) {vamp, Stlth+}
   (Okawaru gifted it to you on level 5 of the Lair of Beasts)

   It inflicts no extra harm, but heals its wielder when it wounds a living foe.
   It makes you more stealthy.
 Z - the +8 Wrath of Trog {antimagic, *Rage}
   (You found it on level 14 of the Dungeon)

   It reduces the magical energy of the wielder, and disrupts the spells and
   magical abilities of those hit.
   Natural abilities and divine invocations are not affected.
   It may make you go berserk in combat.
Missiles
 r - 87 boomerangs (quivered)
Armour
 L - a +0 tower shield of reflection
 O - the +0 hat of shadizar's Defiance (worn) {rF++ rC- Stlth+}
   (Okawaru gifted it to you on level 2 of the Orcish Mines)

   It greatly protects you from fire.
   It makes you vulnerable to cold.
   It makes you more stealthy.
 Q - the +2 kite shield of Slovenliness (worn) {rN+ Regen+ Str+2 Dex+4}
   (You bought it in a shop on level 12 of the Dungeon)

   It affects your strength (+2).
   It affects your dexterity (+4).
   It protects you from negative energy.
   It increases your rate of regeneration.
Jewellery
 a - a ring of ice (on tentacle)
 b - an amulet of the acrobat (around mantle)
 k - the ring of Suspected Treachery (on tentacle) {Wiz Str+3}
   (You found it on level 15 of the Dungeon)

   [ring of wizardry]

   It improves your spell success rate.
   It affects your strength (+3).
 q - a +4 ring of evasion (right tentacle)
 t - an uncursed ring of fire
 z - a ring of flight (left tentacle)
 E - a +6 ring of strength (on tentacle)
 F - a ring of poison resistance (on tentacle)
 G - a ring of protection from cold (on tentacle)
 I - an uncursed amulet of faith
 M - the ring "Caodydic" {+Fly rC- Str+9 Int-3 SInv}
   (You found it on level 3 of the Lair of Beasts)

   [ring of flight]

   It affects your strength (+9).
   It affects your intelligence (-3).
   It makes you vulnerable to cold.
   It lets you see invisible.
   It lets you fly.
 N - an uncursed amulet of guardian spirit
 R - an uncursed amulet of regeneration
 V - a +6 ring of dexterity (on tentacle)
Wands
 f - a wand of random effects (28)
 j - a wand of disintegration (8)
 l - a wand of flame (19)
 o - a wand of iceblast (13)
 D - a wand of enslavement (7)
 P - a wand of polymorph (4)
 W - a wand of paralysis (8)
Scrolls
 e - 7 scrolls of magic mapping
 h - 15 scrolls of remove curse
 m - 7 scrolls of teleportation
 n - 8 scrolls of identify
 x - 6 scrolls of amnesia
 B - a scroll of blinking
 C - 2 scrolls of fog
 H - 4 scrolls of fear
 S - 2 scrolls of enchant armour
Potions
 c - 3 potions of might
 g - 4 potions of stabbing
 i - a potion of invisibility
 p - 9 potions of curing
 u - 5 potions of brilliance
 v - 4 potions of berserk rage
 w - 2 potions of flight
 A - 3 potions of ambrosia
 K - 3 potions of magic
 U - a potion of resistance
 X - a potion of cancellation
Books
 Y - a manual of Fighting
Miscellaneous
 y - a lightning rod (4/4)
 T - a phial of floods
Comestibles
 d - 49 rations


   Skills:
 + Level 14.3(19.3) Fighting
 + Level 14.0(19.0) Long Blades
 + Level 13.5(18.5) Dodging
 + Level 16.1(21.1) Stealth
 - Level 13.6(18.6) Shields
 - Level 10.0 Invocations
 - Level 5.1 Evocations


You had 16 spell levels left.
You didn't know any spells.
Your spell library contained the following spells:

 Spells                   Type           Power        Failure   Level  Hunger
 Animate Skeleton         Necr           N/A          16%         1    ##.....
 Apportation              Tloc           #.....       16%         1    ##.....
 Corona                   Hex            #......      16%         1    ##.....
 Foxfire                  Conj/Fire      #...         16%         1    ##.....
 Freeze                   Ice            #...         16%         1    ##.....
 Sting                    Tmut/Pois      #...         16%         1    ##.....
 Summon Small Mammal      Summ           #...         16%         1    ##.....
 Poisonous Vapours        Pois/Air       #.....       22%         2    ###....
 Confusing Touch          Hex            #.......     41%         3    ####...
 Conjure Flame            Conj/Fire      #.......     41%         3    ####...
 Frozen Ramparts          Ice            #.....       41%         3    ####...
 Gell's Gravitas          Tloc           #.........   41%         3    ####...
 Ignite Poison            Fire/Tmut/Pois #.......     41%         3    ####...
 Inner Flame              Hex/Fire       #.......     41%         3    ####...
 Mephitic Cloud           Conj/Pois/Air  #.......     41%         3    ####...
 Ozocubu's Armour         Chrm/Ice       #.......     41%         3    ####...
 Hailstorm                Conj/Ice       #.......     80%         4    #####..
 Olgreb's Toxic Radiance  Pois           #.......     80%         4    #####..
 Petrify                  Tmut/Erth      #.......     80%         4    #####..
 Sticky Flame             Conj/Fire      #.......     80%         4    #####..
 Summon Ice Beast         Ice/Summ       #.......     80%         4    #####..
 Fireball                 Conj/Fire      #.........   98%         5    ######.
 Metabolic Englaciation   Hex/Ice        #.........   98%         5    ######.
 Yara's Violent Unravell  Hex/Tmut       #.........   98%         5    ######.
 Starburst                Conj/Fire      #.........   100%        6    #######
 Ring of Flames           Chrm/Fire      #.........   100%        7    #######
 Ignition                 Fire           #.........   100%        8    #######


Dungeon Overview and Level Annotations

Branches:
Dungeon (15/15)            Temple (1/1) D:4            Lair (6/6) D:11
  Swamp (0/4) Lair:3        Snake (2/4) Lair:4        Slime (0/5) Lair:5
    Orc (2/2) D:12            Elf (0/3) Orc:2        Vaults (0/5) D:14
 Depths (0/5) D:15         Bailey (visited)         Volcano (visited)

Altars:
Ashenzari
Cheibriados
Elyvilon
Fedhas
Gozag
Hepliaklqana
Kikubaaqudgha
Makhleb
Nemelex Xobeh
Okawaru
Qazlal
Ru
Sif Muna
Trog
Uskayaw
Vehumet
Wu Jian
Xom
Yredelemnul
Zin
The Shining One
Beogh
Jiyva

Shops:
D:5 }   D:9 !   D:12 ([   Orc:2 ?[?%

Annotations:
D:3 Grinder
Lair:4 3 runed translucent doors, Ripsaw's ghost, journeyman OgTm
Snake:2 Vashnia


Innate Abilities, Weirdness & Mutations

You cannot wear most types of armour.
You are very stealthy in the water. (Stealth+)
You are amphibious.
You can wear up to eight rings at the same time.
You can use your tentacles to constrict eight enemies at once.
Your skin changes colour to match your surroundings (Stealth+).
Your rubbery body absorbs attacks. (AC +1, EV +1)


Message History

The naga sharpshooter is moderately wounded.
Vashnia shoots a bolt.
The bolt hits you!!
* * * LOW HITPOINT WARNING * * *
You slash the naga sharpshooter! You squeeze the naga sharpshooter.
The naga sharpshooter is heavily wounded.
The naga sharpshooter unwields a +0 shortbow.
The naga sharpshooter wields a +0 dire flail.
You block the naga sharpshooter's attack.
The naga sharpshooter closely misses you.
You hit the naga sharpshooter.
You feel better.
The naga sharpshooter is severely wounded.
Vashnia blinks!
You slice the naga sharpshooter!!
The naga sharpshooter is almost dead.
The naga sharpshooter completely misses you. x2
You slash the naga sharpshooter!
You feel better.
You kill the naga sharpshooter!
Okawaru accepts your kill.
Vashnia shoots a bolt.
The bolt hits you!!!
You die...

<##
##.##...##...##
.#
#(.#...#N.......
##
##.......).......
#...............#
#........ยง.....#
##....?.......#
##....(......#
#...(.)....)##
#...((....@..##
#...(((..((...#
#...().....##...#
#...(.....## ...#
#..........# ..#
#..........# ##
#....(..(.##
#.........#
..#......##


You could see Vashnia.

Vanquished Creatures
  A nagaraja (Snake:1)
  An orc warlord (Orc:1)
  A very ugly thing (D:10)
  Azrael (D:15)
  A dire elephant (D:15)
  An ettin (Orc:2)
  Fannar (Lair:1)
  8 ogre magi
  A great orb of eyes (D:15)
  Harold (D:7)
  Erolcha (Orc:2)
  An anaconda (Snake:1)
  12 hydras
  A catoblepas (D:15)
  2 naga warriors (Snake:1)
  2 centaur warriors
  A dancing weapon (Volcano)
  Erica (D:9)
  2 tengu warriors (D:15)
  An orc high priest (Orc:2)
  3 death yaks (Lair:6)
  21 two-headed ogres
  2 deep troll earth magi (D:14)
  5 naga sharpshooters
  3 shock serpents (Snake:1)
  An iron troll (D:14)
  A skeletal warrior (D:14)
  An unseen horror (D:13)
  A death drake (shapeshifter) (D:13)
  A naga ritualist (Snake:1)
  8 wizards
  2 deep trolls (D:14)
  A deep elf archer (D:14)
  4 lindwurms (Lair:6)
  4 orc knights
  4 deep elf magi
  2 necromancers (D:14)
  A mana viper (Snake:1)
  3 wolf spiders
  5 orc sorcerers
  6 cyclopes
  A wolf spider zombie (D:12)
  11 ugly things
  4 salamanders
  8 elephants
  A naga mage (Snake:1)
  5 toenail golems (Volcano)
  21 black mambas
  A spiny frog (shapeshifter) (D:14)
  20 spiny frogs
  A gargoyle (D:13)
  A guardian serpent (Lair:6)
  An efreet (D:14)
  2 yaktaurs (D:14)
  3 rime drakes
  6 komodo dragons
  A silent spectre (D:14)
  A tengu conjurer (D:15)
  A polar bear (Lair:5)
  9 meliai
  11 trolls
  3 hornets
  Prince Ribbit (D:9)
  13 dream sheep
  A meliai zombie (D:14)
  10 slime creatures
  19 blink frogs
  6 hippogriffs
  A spriggan (D:13)
  2 redbacks (Lair:6)
  49 yaks
  2 shadows (D:13)
  7 wyverns
  3 wraiths
  A vampire (D:13)
  3 fire elementals (D:15)
  6 basilisks
  2 vampire mosquitoes (D:15)
  A hungry ghost (D:11)
  12 nagas
  An insubstantial wisp (Lair:3)
  6 wargs
  4 hell hounds (D:15)
  20 water moccasins
  5 porcupines
  Duvessa (D:6)
  34 orc warriors
  3 black bears
  2 ice beasts
  A sky beast (D:9)
  46 ogres
  46 wolves
  3 eyes of draining
  A boggart (D:14)
  10 centaurs
  7 big kobolds
  10 crocodiles
  22 bullfrogs
  6 earth elementals (D:15)
  A water moccasin zombie (D:8)
  3 scorpions
  Dowan (D:6)
  5 killer bees (D:13)
  10 wights
  3 howler monkeys
  2 crimson imps
  3 centaur zombies
  A quasit (D:11)
  9 centaur skeletons
  4 jellies
  26 orc wizards
  23 orc priests
  5 hounds
  3 bullfrog skeletons
  Crazy Yiuf (D:7)
  Natasha (D:3)
  4 iguanas
  8 worker ants
  A worker ant zombie (D:10)
  4 gnolls (Bailey)
  12 adders
  5 shadow imps
  An ooze (D:3)
  2 dart slugs
  4 leopard geckos
  92 orcs
  9 bats
  5 giant cockroaches
  12 goblins
  5 hobgoblins
  8 jackals
  48 kobolds
  8 quokkas
  2 ball pythons
  3 frilled lizards
  4 rats
  A fungus (Lair:4)
938 creatures vanquished.

Vanquished Creatures (others)
  9 fungi
  32 plants
41 creatures vanquished.

Grand Total: 979 creatures vanquished

Notes
Turn   | Place    | Note
-------+----------+-------------------------------------------
     0 | D:1      | shadizar the Octopode Fighter began the quest for the Orb.
     0 | D:1      | Reached XP level 1. HP: 16/16 MP: 1/1
   172 | D:1      | Reached XP level 2. HP: 20/21 MP: 2/2
   746 | D:2      | Reached skill level 1 in Stealth
   746 | D:2      | Reached XP level 3. HP: 24/26 MP: 3/3
  1444 | D:2      | Found a hazy altar of Hepliaklqana.
  1533 | D:2      | Reached skill level 2 in Stealth
  1578 | D:3      | Noticed Natasha
  1581 | D:3      | Killed Natasha
  1581 | D:3      | Reached XP level 4. HP: 30/31 MP: 4/4
  2271 | D:3      | Noticed Grinder
  2304 | D:4      | Reached skill level 3 in Stealth
  2304 | D:4      | Reached XP level 5. HP: 24/36 MP: 5/5
  2667 | D:4      | Reached XP level 6. HP: 25/42 MP: 6/6
  2919 | D:4      | Found a staircase to the Ecumenical Temple.
  2925 | Temple   | Entered the Ecumenical Temple
  2995 | Temple   | Became a worshipper of Warmaster Okawaru
  3514 | D:4      | Reached skill level 4 in Stealth
  3880 | D:4      | Reached skill level 1 in Invocations
  3948 | D:5      | Entered Level 5 of the Dungeon
  3984 | D:5      | Reached XP level 7. HP: 47/47 MP: 7/7
  4054 | D:5      | Found Cugg's Gadget Shop.
  4860 | D:7      | Reached skill level 5 in Long Blades
  4863 | D:7      | Reached * piety under Okawaru
  5237 | D:7      | Reached XP level 8. HP: 22/54 MP: 8/10
  5327 | D:7      | Reached skill level 5 in Stealth
  5777 | D:7      | Noticed Harold
  5810 | D:7      | Found a shimmering blue altar of Sif Muna.
  6322 | D:6      | Noticed Dowan
  6325 | D:6      | Noticed Duvessa
  6372 | D:7      | Reached ** piety under Okawaru
  6372 | D:7      | Reached skill level 6 in Stealth
  6392 | D:7      | Found a runed translucent door.
  6394 | D:7      | Noticed Crazy Yiuf
  6501 | D:8      | Reached skill level 5 in Dodging
  6538 | D:8      | Reached skill level 5 in Shields
  6542 | D:8      | Reached skill level 5 in Fighting
  6567 | D:8      | Reached XP level 9. HP: 34/61 MP: 11/11
  6837 | D:8      | Reached skill level 7 in Stealth
  7306 | D:7      | Killed Harold
  7306 | D:7      | Reached *** piety under Okawaru
  7502 | D:7      | Found an opulent altar of Gozag.
  7503 | D:7      | Found a glowing silver altar of Zin.
  7563 | D:7      | Reached skill level 8 in Stealth
  7627 | D:7      | Killed Crazy Yiuf
  7676 | D:6      | Killed Dowan
  7702 | D:6      | Killed Duvessa
  8214 | D:9      | Noticed Erica
  8232 | D:9      | Killed Erica
  8232 | D:9      | Reached **** piety under Okawaru
  8232 | D:9      | Reached XP level 10. HP: 33/68 MP: 10/12
  8474 | D:9      | Reached skill level 9 in Stealth
  8518 | D:9      | Found Roqysyph's Distillery.
  8704 | D:9      | Found a flagged portal.
  8884 | Bailey   | Entered a bailey
  8909 | Bailey   | Noticed an orc knight
  8926 | Bailey   | Killed an orc knight
  8926 | Bailey   | Reached ***** piety under Okawaru
  9541 | Bailey   | Found the +8 orange crystal plate armour {Archmagi, Int+3
                  | Clar}
 10251 | D:9      | Noticed Prince Ribbit
 10258 | D:9      | Killed Prince Ribbit
 10509 | D:9      | Reached skill level 10 in Long Blades
 10509 | D:9      | Reached XP level 11. HP: 64/74 MP: 11/13
 10693 | D:10     | Entered Level 10 of the Dungeon
 11238 | D:10     | Received a gift from Okawaru
 11456 | D:10     | Found a stormy altar of Qazlal.
 11795 | D:11     | Noticed a red ugly thing
 11795 | D:11     | Noticed a cyan ugly thing
 11859 | D:11     | Found a staircase to the Lair.
 12176 | D:11     | Reached skill level 5 in Invocations
 12232 | D:11     | Noticed a cyan ugly thing
 12249 | D:11     | Killed a cyan ugly thing
 12758 | D:11     | Noticed a green ugly thing
 12774 | D:11     | Killed a cyan ugly thing
 12786 | D:11     | Killed a green ugly thing
 12789 | D:11     | Killed a green ugly thing
 12789 | D:11     | Reached skill level 10 in Stealth
 12840 | D:11     | Noticed a cyan ugly thing
 12843 | D:11     | Noticed a green ugly thing
 12844 | D:11     | Noticed a purple ugly thing
 12865 | D:11     | Noticed a red very ugly thing
 12872 | D:11     | Killed a purple ugly thing
 13058 | D:10     | Killed a red very ugly thing
 13067 | D:10     | Killed a red ugly thing
 13067 | D:10     | Reached XP level 12. HP: 24/82 MP: 11/16
 13745 | D:12     | Received a gift from Okawaru
 14066 | D:12     | Noticed a two-headed ogre
 14283 | D:12     | Noticed an eight-headed hydra
 14289 | D:12     | Killed a five-headed hydra
 14290 | D:12     | Reached skill level 11 in Stealth
 14438 | Lair:1   | Entered Level 1 of the Lair of Beasts
 15635 | Lair:1   | Noticed Fannar
 15655 | Lair:1   | Reached XP level 13. HP: 90/90 MP: 15/18
 15703 | Lair:1   | Killed Fannar
 16631 | Lair:2   | Reached skill level 10 in Shields
 17040 | Lair:2   | Received a gift from Okawaru
 17538 | Lair:3   | Reached skill level 10 in Fighting
 17569 | Lair:3   | Found a dark tunnel.
 17584 | Volcano  | Entered a volcano
 18045 | Volcano  | Reached skill level 10 in Dodging
 18050 | Volcano  | Received a gift from Okawaru
 18089 | Lair:3   | Found a staircase to the Swamp.
 18765 | Lair:3   | Got a shimmering steel ring
 19283 | Lair:3   | Identified the ring "Caodydic" {+Fly rC- Str+9 Int-3 SInv}
                  | (You found it on level 3 of the Lair of Beasts)
 19305 | Lair:4   | Reached XP level 14. HP: 97/99 MP: 21/21
 19347 | Lair:4   | Found a runed translucent gate.
 19349 | Lair:4   | Found a runed translucent gate.
 19351 | Lair:4   | Found a runed translucent gate.
 19354 | Lair:4   | Noticed Ripsaw's ghost (journeyman OgTm)
 19674 | Lair:4   | Reached skill level 10 in Invocations
 19823 | Lair:4   | Found a staircase to the Snake Pit.
 19882 | Lair:4   | Reached skill level 1 in Evocations
 20454 | Lair:5   | Received a gift from Okawaru
 20523 | Lair:5   | Got a pitted demon blade {god gift}
 20527 | Lair:5   | Identified the +11 demon blade of the Foremost Artisans
                  | {vamp, Stlth+} (Okawaru gifted it to you on level 5 of the
                  | Lair of Beasts)
 20590 | Lair:5   | Found a viscous altar of Jiyva.
 20595 | Lair:5   | Found a staircase to the Slime Pits.
 21831 | Lair:6   | Entered Level 6 of the Lair of Beasts
 22068 | Lair:6   | Reached ****** piety under Okawaru
 22247 | Lair:6   | Reached skill level 12 in Stealth
 22669 | Lair:6   | Received a gift from Okawaru
 22953 | Lair:6   | Reached XP level 15. HP: 55/107 MP: 22/22
 23352 | Lair:6   | Reached skill level 5 in Evocations
 24169 | D:12     | Found Heapai's Armour Shoppe.
 24169 | D:12     | Found a staircase to the Orcish Mines.
 24171 | D:12     | Found Ezunlogh's Weapon Shoppe.
 24197 | D:12     | Bought the +2 kite shield of Slovenliness {rN+ Regen+ Str+2
                  | Dex+4} for 459 gold pieces
 24700 | Orc:1    | Entered Level 1 of the Orcish Mines
 24743 | Orc:1    | Noticed an orc warlord
 24762 | Orc:1    | Killed an orc warlord
 24762 | Orc:1    | Reached skill level 13 in Stealth
 25157 | Orc:1    | Received a gift from Okawaru
 25380 | Orc:2    | Entered Level 2 of the Orcish Mines
 25510 | Orc:2    | Noticed Erolcha
 25537 | Orc:2    | Paralysed by an ogre mage for 4 turns
 25759 | Orc:2    | Killed Erolcha
 25759 | Orc:2    | Reached XP level 16. HP: 99/115 MP: 21/23
 25770 | Orc:2    | Reached skill level 14 in Stealth
 25838 | Orc:2    | Found Jym Ugon's Magic Scroll Boutique.
 25838 | Orc:2    | Found Umotou's Magic Scroll Emporium.
 25841 | Orc:2    | Found Jeodasim's Antique Armour Emporium.
 25841 | Orc:2    | Found Fannad's Food Shop.
 25882 | Orc:2    | Found a runed translucent door.
 26114 | Orc:2    | Found a staircase to the Elven Halls.
 26311 | Orc:2    | Received a gift from Okawaru
 26314 | Orc:2    | Got a twisted hat {god gift}
 26336 | Orc:2    | Found a roughly hewn altar of Beogh.
 26350 | Orc:2    | Identified the +0 hat of shadizar's Defiance {rF++ rC-
                  | Stlth+} (Okawaru gifted it to you on level 2 of the Orcish
                  | Mines)
 26393 | Orc:2    | Bought a scroll of enchant weapon for 97 gold pieces
 27739 | D:14     | Found a transporter.
 27749 | D:14     | Found a transporter.
 27765 | D:14     | You fall into a shaft and drop 1 floor!
 27765 | D:15     | Entered Level 15 of the Dungeon
 27971 | D:14     | Found a gate to the Vaults.
 28361 | D:14     | Found a bloodstained altar of Trog.
 28362 | D:14     | Found the +8 Wrath of Trog {antimagic, *Rage}
 28671 | D:14     | Found a runed translucent door.
 28950 | D:14     | Reached skill level 15 in Stealth
 28995 | D:14     | Received a gift from Okawaru
 29056 | D:14     | Got a slimy broad axe
 29397 | D:14     | Identified the +2 broad axe of Bile {vorpal, +Fly rC+
                  | Str-3} (You found it on level 14 of the Dungeon)
 29519 | D:15     | Noticed Azrael
 29541 | D:15     | Killed Azrael
 29741 | D:15     | Reached XP level 17. HP: 110/123 MP: 24/24
 29964 | D:15     | Found a staircase to the Depths.
 30132 | D:15     | HP: 6/124 [basilisk (1)]
 30292 | D:15     | Got a pitted jade ring
 30498 | D:15     | Identified the ring of Suspected Treachery {Wiz Str+3} (You
                  | found it on level 15 of the Dungeon)
 30693 | Snake:1  | Entered Level 1 of the Snake Pit
 31538 | Snake:1  | Reached skill level 16 in Stealth
 31762 | Snake:1  | Received a gift from Okawaru
 31871 | Snake:1  | Got a warped kite shield {god gift}
 31883 | Snake:1  | Identified the +4 kite shield of Infinity {rF+ MP+9 Slay-3}
                  | (Okawaru gifted it to you on level 1 of the Snake Pit)
 31922 | Snake:2  | Noticed Vashnia
 31957 | Snake:2  | Shot with a bolt by Vashnia

Illustrated notes

Levels and vault maps discovered:
D:1:      shiori_arrival_maze, layout_basic
D:2:      layout_basic, lemuel_doored_altar
D:3:      layout_basic, nicolae_overflow_crystal_walls, first_ration,
          chequers_ecumenical_altar_grove, uniq_jessica, uniq_grinder,
          uniq_natasha
D:4:      layout_basic, minmay_temple_entry_hall, hex_medium
D:5:      layout_basic, serial_shops, shop, minmay_misc_feat_pillars
D:6:      layout_cave_pools, uniq_duvessa
D:7:      layout_basic, grunt_temple_overflow_gold_and_silver, basic_altar,
          uniq_crazy_yiuf_cottage, uniq_harold
D:8:      layout_cave_pools
D:9:      layout_irregular_city, enter_bailey_3, serial_shops,
          nicolae_shop_behind_doors, uniq_erica, uniq_prince_ribbit1
D:10:     layout_gridville, grunt_qazlal_clouds
D:11:     cheibrodos_breeding_chamber, layout_cave_pools,
          erik_lair_orcish_takeover
D:12:     layout_loops_ring, orc_david_3
D:13:     layout_small_grid, the_bakery
D:14:     emtedronai_trogs_sanctum, layout_basic,
          hangedman_vaults_entry_quadrant_bands
D:15:     hangedman_depths_entry_try_elsewhere_first, layout_small_grid,
          small_statue_alley_a, hangedman_cracks_in_the_wall, uniq_azrael
Temple:   dpeg_five_rooms_temple
Lair:1:   layout_cave_pods, grunt_forest_large_clearings, uniq_fannar
Lair:2:   layout_loops_ring
Lair:3:   layout_cave_pods, minmay_swamp_entry_wisps,
          nicolae_volcano_entry_two_sided
Lair:4:   layout_concentric_octagons, guppyfry_snake_entry_island,
          ebering_ghost_rock_garden, patterned_corridor
Lair:5:   layout_gridlike, slime_altar_1, st_stairs_8,
          hangedman_lair_unloving_vines, grunt_megastairs_2
Lair:6:   hangedman_lair_tendril_chambers, layout_loops_ring,
          hangedman_lair_in_review, columned_hall_lemuel
Snake:1:  layout_cave_shapes
Snake:2:  layout_layer_cave, hangedman_snake_thin_pillar_pass, uniq_vashnia
Orc:1:    layout_diamond_mine, mines4_lemuel
Orc:2:    st_orc_ogre_mass, layout_caves, lightli_church_of_beogh, uniq_erolcha

Skill      XL: |  1  2  3  4  5  6  7  8  9 10 11 12 13 14 15 16 17 |
---------------+----------------------------------------------------+-----
Stealth        | 1 2 3 4 6 8 9 10 11 12 13 15 16 | 16.1
Long Blades    | 3 4 5 6 8 10 11 12 13 14 | 14.0
Shields        | 4 5 7 8 9 10 11 12 13 | 13.6
Invocations    | 1 2 3 6 7 9 10 | 10.0
Dodging        | 4 5 6 7 8 10 11 12 13 | 13.5
Fighting       | 4 5 6 7 9 10 11 12 13 14 | 14.3
Evocations     | 4 5 |  5.1

Action                   |  1- 3 |  4- 6 |  7- 9 | 10-12 | 13-15 | 16-18 || total
-------------------------+-------+-------+-------+-------+-------+-------++-------
Melee: Long sword        |    65 |    48 |       |       |       |       ||   113
       Constrict         |    16 |    20 |    36 |   112 |   112 |    99 ||   395
       Tentacles         |     9 |    16 |    57 |   187 |   307 |   353 ||   929
       Falchion          |       |    26 |   186 |   626 |   345 |    19 ||  1202
       Punch             |       |       |     1 |    22 |    21 |     8 ||    52
       Demon blade       |       |       |       |       |   564 |   714 ||  1278
Invok: Heroism           |       |       |     5 |    29 |    25 |     9 ||    68
       Finesse           |       |       |       |     4 |     3 |       ||     7
Evoke: Wand              |       |       |       |     2 |       |       ||     2
  Use: Scroll            |       |       |    16 |    13 |    10 |     7 ||    46
       Potion            |       |       |     2 |     4 |       |     9 ||    15
 Stab: Sleeping          |    11 |     5 |     8 |    10 |    43 |    28 ||   105
       Distracted        |       |       |     3 |     2 |     6 |     5 ||    16
  Eat: Chunk             |     2 |     5 |    11 |    19 |    33 |    14 ||    84
       Ration            |       |     1 |       |     2 |       |     2 ||     5
Armor: Skin              |     2 |     2 |     2 |    19 |    14 |     4 ||    43
Dodge: Dodged            |    24 |    46 |    74 |   439 |   536 |   349 ||  1468
Block: Kite shield       |    40 |    32 |    71 |   386 |   530 |   483 ||  1542
       Rpst.: Long sword |     8 |    10 |       |       |       |       ||    18
       Falchion          |       |     4 |    21 |   109 |    41 |       ||   175
       Demon blade       |       |       |       |       |    76 |    68 ||   144
